Map: Avalon Labs

Players

IPFW

  • Race: Protoss Protoss

Wisp

  • Race: Protoss Protoss

Barbuto

  • Race: Terran Terran

Soundwave

  • Race: Zerg Zerg
  • League: Gold

JohannLafer

  • Race: Protoss Protoss

Zeratul

  • Race: Protoss Protoss

VOD

Have the link to the VOD?

Description

Time

  • Played on: Nov. 18, 2015, 4:53 a.m.
  • Length: 6:03
Show
View Real Time Build Order
Export as new Build Order

IPFW Protoss 

Build Orders:  

Get SALT Encoding   

  12  0:03  Probe (Chrono Boost)  
  13  0:13  Probe (Chrono Boost)  
  14  0:24  Probe (Chrono Boost)  
  15  0:31  Pylon  
  15  0:53  Gateway  
  15  0:54  Probe (Chrono Boost)  
  16  1:04  Probe (Chrono Boost)  
  16  1:05  Pylon  
  17  1:15  Probe (Chrono Boost)  
  19  1:25  Probe (Chrono Boost)  
  19  1:36  Probe (Chrono Boost)  
  20  1:44  Cybernetics Core  
  20  1:46  Probe (Chrono Boost)  
  21  1:47  Assimilator  
  21  1:52  Assimilator  
  21  1:57  Probe (Chrono Boost)  
  21  2:01  Gateway  
  22  2:07  Probe (Chrono Boost)  
  23  2:30  Gateway  
  23  2:34  Gateway  
  23  2:37  Gateway  
  23  2:43  Warp Gate (Chrono Boost)  
  23  2:59  Pylon  
  23  3:06  Pylon  
  23  4:32  Stalker x4, Pylon  
  23  4:33  Stalker  
  33  4:45  Pylon  
  33  4:47  Pylon  
  33  4:50  Twilight Council  
  33  4:53  Pylon  
  33  4:55  Pylon  
  33  4:57  Stalker x5  
Show
View Real Time Build Order
Export as new Build Order

Wisp Protoss 

Build Orders: Phoenix Opening 

Get SALT Encoding   

  12  0:01  Probe (Chrono Boost)  
  13  0:12  Probe (Chrono Boost)  
  14  0:22  Probe (Chrono Boost)  
  14  0:25  Pylon  
  15  0:38  Assimilator  
  15  0:42  Assimilator  
  15  0:47  Gateway  
  15  0:48  Probe (Chrono Boost)  
  16  1:05  Probe (Chrono Boost)  
  17  1:21  Probe (Chrono Boost)  
  18  1:38  Cybernetics Core  
  18  1:51  Probe (Chrono Boost)  
  19  2:03  Probe (Chrono Boost)  
  20  2:10  Pylon  
  20  2:16  Stargate  
  20  2:18  Stargate  
  20  2:21  Probe (Chrono Boost)  
  21  2:23  Warp Gate  
  21  2:33  Probe (Chrono Boost)  
  22  2:54  Probe (Chrono Boost)  
  23  3:01  Phoenix (Chrono Boost)  
  23  3:05  Phoenix (Chrono Boost)  
  27  3:24  Phoenix (Chrono Boost)  
  31  3:30  Phoenix (Chrono Boost)  
  31  3:39  Nexus  
  31  3:55  Pylon  
  31  4:13  Oracle (Chrono Boost)  
  31  4:14  Probe  
  31  4:16  Pylon  
  37  4:17  Phoenix (Chrono Boost)  
  39  4:42  Phoenix (Chrono Boost)  
  39  4:49  Phoenix (Chrono Boost)  
  41  5:05  Phoenix (Chrono Boost)  
  47  6:00  Pylon  
  47  6:01  Pylon  
Show
View Real Time Build Order
Export as new Build Order

Barbuto Terran 

Build Orders:  

Get SALT Encoding   

  12  0:02  SCV  
  13  0:14  Supply Depot  
  13  0:20  SCV  
  14  0:34  SCV  
  15  0:39  Barracks  
  15  0:46  SCV  
  16  0:59  SCV, Barracks  
  17  1:11  SCV  
  18  1:28  Orbital Command  
  18  1:29  Barracks, Marine  
  19  1:39  Supply Depot  
  19  1:48  Marine  
  19  1:51  Marine  
  21  2:00  Barracks  
  21  2:06  Marine  
  22  2:08  Marine  
  23  2:18  Barracks, Marine  
  24  2:24  Marine  
  24  2:26  Marine  
  26  2:30  Supply Depot  
  26  2:36  Marine  
  27  2:42  Marine  
  28  2:44  Marine  
  28  2:48  Marine  
  30  2:52  Barracks  
  30  2:54  SCV  
  30  2:56  Marine  
  32  3:00  Marine  
  32  3:02  Marine  
  34  3:05  Marine  
  34  3:06  Marine  
  34  3:11  Supply Depot  
  36  3:14  Marine  
  36  3:18  Marine  
  38  3:33  Marine x4  
  42  3:49  Marine  
  42  3:51  Marine x2  
  45  3:56  Marine x2  
  47  4:25  Marine  
  47  4:40  Marine  
  47  5:15  Marine  
  47  5:16  Marine  
  47  5:18  Marine  
  47  5:20  Marine  
  47  5:21  Marine  
  47  5:22  Marine  
  42  5:33  Marine  
  42  5:34  Marine  
  42  5:36  Marine  
  42  5:38  Marine  
  42  5:39  Marine  
  42  5:40  Marine  
Show
View Real Time Build Order
Export as new Build Order

Soundwave Zerg 

Build Orders: Hatch First 

Get SALT Encoding   

  12  0:01  Drone  
  13  0:08  Drone  
  14  0:17  Extractor  
  14  0:18  Drone, Extractor  
  13  0:22  Drone  
  16  0:45  Hatchery  
  15  0:59  Spawning Pool  
  14  1:05  Overlord  
  14  1:18  Extractor  
  14  1:25  Drone x3  
  16  1:36  Drone  
  17  1:49  Queen  
  17  1:53  Drone  
  20  1:59  Queen  
  20  2:01  Drone x2  
  24  2:09  Overlord  
  24  2:17  Metabolic Boost  
  24  2:19  Drone x2  
  26  2:26  Drone  
  27  2:33  Drone x2  
  29  2:38  Extractor  
  29  2:41  Drone x2  
  30  2:51  Overlord x2  
  30  3:00  Drone x2  
  30  3:02  Drone x2  
  34  3:14  Lair  
  34  3:18  Drone  
  34  3:19  Zergling x4  
  38  3:20  Zergling x4  
  39  3:37  Evolution Chamber x2  
  37  3:41  Drone x2  
  37  3:42  Drone  
  37  3:44  Drone x5  
  37  3:45  Drone  
  45  4:02  Roach Warren  
  44  4:04  Zerg Ground Armor Level 1, Zerg Melee Weapons Level 1  
  43  4:17  Zergling x2  
  43  4:18  Zergling x14  
  43  4:21  Overlord  
  49  4:42  Roach x2  
  49  4:43  Roach x3  
  51  4:54  Spine Crawler  
  51  4:55  Spine Crawler  
  51  4:56  Roach x4  
  51  4:57  Roach  
  59  5:03  Zergling x2  
  59  5:05  Overlord  
  60  5:24  Roach x6  
Show
View Real Time Build Order
Export as new Build Order

JohannLafer Protoss 

Build Orders:  

Get SALT Encoding   

  12  0:02  Probe (Chrono Boost)  
  13  0:12  Probe (Chrono Boost)  
  14  0:27  Pylon  
  14  0:40  Probe (Chrono Boost)  
  15  0:50  Probe (Chrono Boost)  
  16  1:01  Probe (Chrono Boost)  
  17  1:07  Gateway  
  18  1:11  Probe (Chrono Boost)  
  18  1:15  Pylon  
  18  1:22  Probe (Chrono Boost)  
  19  1:32  Probe (Chrono Boost)  
  20  1:44  Assimilator  
  20  1:57  Cybernetics Core  
  20  2:07  Probe (Chrono Boost)  
  21  2:18  Probe (Chrono Boost), Nexus  
  22  2:29  Probe (Chrono Boost)  
  23  2:35  Assimilator  
  23  2:36  Warp Gate (Chrono Boost)  
  23  2:39  Probe (Chrono Boost), Forge  
  23  2:41  Zealot  
  26  2:50  Probe (Chrono Boost)  
  27  2:56  Gateway x2  
  27  3:00  Probe (Chrono Boost)  
  28  3:11  Probe (Chrono Boost)  
  29  3:28  Twilight Council  
  29  3:33  Zealot  
  31  4:02  Assimilator  
  31  4:05  Assimilator  
  31  4:21  Dark Shrine  
  27  4:38  Stalker  
  27  4:39  Stalker  
  19  5:24  Pylon  
  19  5:42  Dark Shrine  
  19  5:48  Gateway x2  
  19  5:50  Gateway  
  19  5:58  Pylon  
  19  6:00  Pylon  
  19  6:01  Pylon  
Show
View Real Time Build Order
Export as new Build Order

Zeratul Protoss 

Build Orders:  

Get SALT Encoding   

  12  0:03  Probe (Chrono Boost)  
  13  0:14  Pylon  
  13  0:19  Probe (Chrono Boost)  
  14  0:29  Probe (Chrono Boost)  
  15  0:36  Forge  
  15  0:41  Probe (Chrono Boost)  
  16  0:56  Pylon  
  16  1:09  Probe (Chrono Boost)  
  17  1:15  Photon Cannon  
  17  1:18  Photon Cannon  
  17  1:27  Pylon  
  16  1:37  Probe (Chrono Boost)  
  17  1:42  Gateway  
  17  1:47  Assimilator  
  17  1:51  Gateway  
  17  1:53  Probe (Chrono Boost)  
  17  1:54  Gateway  
  18  2:04  Probe (Chrono Boost)  
  19  2:30  Cybernetics Core  
  19  2:34  Assimilator  
  19  2:35  Probe (Chrono Boost)  
  19  2:36  Zealot  
  22  2:47  Pylon  
  23  2:58  Probe (Chrono Boost)  
  23  3:05  Zealot  
  27  3:09  Probe (Chrono Boost)  
  27  3:11  Nexus  
  26  3:25  Warp Gate (Chrono Boost)  
  26  3:33  Probe (Chrono Boost)  
  27  3:43  Probe (Chrono Boost)  
  28  3:54  Probe (Chrono Boost)  
  29  4:04  Probe (Chrono Boost)  
  30  4:12  Pylon  
  30  4:15  Probe (Chrono Boost)  
  31  4:17  Pylon  
  31  4:20  Twilight Council  
  31  4:22  Zealot x3  
  31  4:24  Probe (Chrono Boost)  
  38  4:25  Probe (Chrono Boost)  
  35  4:34  Probe (Chrono Boost)  
  36  4:45  Probe (Chrono Boost)  
  37  4:50  Stalker  
  37  4:51  Stalker x2  
  37  5:34  Stalker  
  37  5:35  Stalker x2  
  31  5:59  Gateway  
  31  6:00  Gateway  
Tags
 
Add a new tag
Caveats
  • Supply blocks, unpowered buildings, or Contaminate may cause inaccurate times.
  • Supply counts are checked every 10 seconds.